 Dungeon Crawl Stone Soup version 0.27-a0-1202-ge72e49191c (webtiles) character file.

Game seed: 15990737443629891760

80170 FacelessVoid the Eclecticist (level 15, -7/92 HPs)
             Began as a Deep Elf Ice Elementalist on June 2, 2021.
             Was a High Priest of Vehumet.
             Shot with an arrow by a tengu warrior (31 damage)
             ... on level 15 of the Dungeon.
             The game lasted 02:14:09 (33703 turns).

FacelessVoid the Eclecticist (DEIE)                Turns: 33703, Time: 02:14:10

Health: -7/92      AC: 11    Str:  5    XL:     15   Next: 23%
Magic:  29/36      EV: 12    Int: 27    God:    Vehumet [*****.]
Gold:   2557       SH:  5    Dex: 15    Spells: 18/45 levels left

rFire    . . .     SeeInvis .   W - staff of cold
rCold    + . .     Faith    .   x - +0 buckler
rNeg     + . .     Spirit   .   M - +1 robe {rN+}
rPois    +         Reflect  .   p - +2 helmet
rElec    .         Harm     .   y - +1 cloak {Stlth+}
rCorr    .         Rampage  .   J - +2 pair of gloves
Will     ++...                  (no boots)
Stlth    +++.......             T - amulet of magic regeneration
HPRegen  0.25/turn              t - ring of willpower
MPRegen  0.50/turn              C - ring of poison resistance

@: studying Staves
A: no striking features
a: Renounce Religion


You were on level 15 of the Dungeon.
You worshipped Vehumet.
Vehumet was extremely pleased with you.
You visited 3 branches of the dungeon, and saw 22 of its levels.
You also visited: Bailey and Gauntlet.

You collected 2971 gold pieces.
You spent 414 gold pieces at shops.

Inventory:

Hand Weapons
 s - the +8 dagger of Exumour {vorpal, rF++}
   (You found it on level 6 of the Lair of Beasts)

   It inflicts extra damage upon your enemies.
   It greatly protects you from fire.
Missiles
 a - 10 throwing nets (quivered)
 U - 9 curare-tipped darts
Armour
 p - a +2 helmet (worn)
 x - a +0 buckler (worn)
 y - a +1 cloak of stealth (worn)
 J - a +2 pair of gloves (worn)
 M - a +1 robe of positive energy (worn)
Magical Staves
 g - a staff of air
 W - a staff of cold (weapon)
Jewellery
 i - a ring of see invisible
 t - a ring of willpower (left hand)
 A - a ring of resist corrosion
 C - a ring of poison resistance (right hand)
 F - a ring of protection from cold
 L - a ring of protection from cold
 P - a +4 ring of evasion
 T - an amulet of magic regeneration (around neck)
 Y - a ring of flight
Wands
 d - a wand of charming (8)
 z - a wand of acid (5)
 D - a wand of mindburst (2)
 H - a wand of iceblast (8)
 K - a wand of flame (22)
 Q - a wand of digging (8)
Scrolls
 c - a scroll of silence {unknown}
 f - 8 scrolls of magic mapping
 h - 11 scrolls of identify
 o - 4 scrolls of enchant weapon
 q - 15 scrolls of teleportation
 v - 3 scrolls of enchant armour
 E - 2 scrolls of fog
 I - a scroll of brand weapon
 R - 3 scrolls of amnesia
 X - 2 scrolls of fear
Potions
 b - 3 potions of heal wounds
 e - a potion of cancellation {unknown}
 j - 4 potions of mutation
 k - a potion of ambrosia {unknown}
 l - 4 potions of brilliance {unknown}
 m - 4 potions of flight
 n - 5 potions of might
 r - a potion of berserk rage
 u - 7 potions of haste
 w - a potion of magic
 G - a potion of attraction {unknown}
 N - 8 potions of curing
 O - 3 potions of resistance
 V - 2 potions of degeneration {unknown}
 Z - 2 potions of invisibility {unknown}
Miscellaneous
 B - a phial of floods
 S - a condenser vane


   Skills:
 - Level 10.0 Fighting
 - Level 0.4 Long Blades
 - Level 0.3(0.7) Axes
 - Level 0.3(0.5) Maces & Flails
 - Level 0.4(0.6) Polearms
 - Level 0.5(1.0) Staves
 - Level 1.0 Bows
 - Level 0.4 Crossbows
 - Level 0.4 Throwing
 - Level 2.4 Dodging
 - Level 2.4 Stealth
 - Level 4.0 Shields
 - Level 15.8 Spellcasting
 - Level 6.1 Conjurations
 - Level 1.1 Hexes
 - Level 0.6 Summonings
 - Level 0.7 Necromancy
 - Level 1.1 Translocations
 - Level 0.6 Transmutations
 - Level 1.0 Fire Magic
 + Level 13.6 Ice Magic
 - Level 15.0 Air Magic
 - Level 0.6 Earth Magic
 - Level 1.0 Poison Magic
 - Level 0.6 Invocations
 - Level 0.6 Evocations


You had 18 spell levels left.
You knew the following spells:

 Your Spells              Type           Power      Damage    Failure   Level
a - Freeze                Ice            100%       1d11      0%          1
b - Frozen Ramparts       Ice            100%       1d12      1%          3
c - Ozocubu's Armour      Ice            97%        N/A       1%          3
d - Hailstorm             Conj/Ice       84%        3d17      1%          4
e - Shock                 Conj/Air       100%       1d9       1%          1
f - Swiftness             Air            80%        N/A       0%          3
g - Lightning Bolt        Conj/Air       34%        1d51      1%          5
h - Apportation           Tloc           54%        N/A       1%          1
i - Freezing Cloud        Conj/Ice/Air   45%        6-21      1%          6

Your spell library contained the following spells:

 Spells                   Type           Power      Damage    Failure   Level
 Fireball                 Conj/Fire      20%        3d10      4%          5
 Animate Skeleton         Necr           50%        N/A       1%          1
 Beastly Appendage        Tmut           48%        N/A       1%          1
 Corona                   Hex            30%        N/A       1%          1
 Magic Dart               Conj           100%       1d8       1%          1
 Summon Small Mammal      Summ           96%        N/A       1%          1
 Corpse Rot               Necr/Air       N/A        N/A       1%          2
 Poisonous Vapours        Pois/Air       100%       N/A       1%          2
 Searing Ray              Conj           100%       3d7       1%          2
 Static Discharge         Conj/Air       68%        N/A       1%          2
 Conjure Flame            Conj/Fire      40%        6-21      1%          3
 Dazzling Flash           Conj/Hex       82%        N/A       1%          3
 Mephitic Cloud           Conj/Pois/Air  57%        N/A       1%          3
 Stone Arrow              Conj/Erth      78%        3d11      1%          3
 Airstrike                Air            40%        N/A       1%          4
 Fulminant Prism          Conj/Hex       20%        3d13      1%          4
 Ice Form                 Ice/Tmut       74%        N/A       1%          4
 Iskenderun's Mystic Bla  Conj/Tloc      41%        2d9       1%          4
 Wereblood                Tmut           24%        N/A       2%          2
 Metabolic Englaciation   Hex/Ice        37%        N/A       3%          5
 Spider Form              Tmut/Pois      12%        N/A       4%          3
 Summon Forest            Summ/Tloc      13%        N/A       41%         5
 Hydra Form               Tmut           12%        N/A       45%         5
 Eringya's Noxious Bog    Tmut/Pois      12%        N/A       52%         6
 Summon Hydra             Summ           12%        N/A       100%        7


Dungeon Overview and Level Annotations

Branches:
Dungeon (15/15)            Temple (1/1) D:6            Lair (6/6) D:9
  Swamp (0/4) Lair:4       Spider (0/4) Lair:2        Slime (0/5) Lair:5
    Orc (0/2) D:10         Vaults (0/5) D:13         Depths (0/5) D:15
 Bailey (visited)         Gauntlet (visited)

Altars:
Ashenzari
Cheibriados
Dithmenos
Elyvilon
Fedhas
Gozag
Hepliaklqana
Kikubaaqudgha
Makhleb
Nemelex Xobeh
Okawaru
Qazlal
Ru
Sif Muna
Trog
Uskayaw
Vehumet
Wu Jian
Xom
Zin
The Shining One
Jiyva

Shops:
D:2 !   D:3 *?   D:4 (   D:15 ?

Annotations:
D:8 Gastronok
D:13 exclusion: 2 dancing weapons
Lair:1 exclusion: 2 oklob plants


Message History

Aiming: Lightning Bolt (mildly dangerous; 1% risk of failure)
Press: ? - help, Shift-Dir - straight line, f - tengu warrior
Aim: a tengu warrior, wielding a +0 longbow and quivering arrows (asleep, 100% to hit)
You hear a mighty clap of thunder!
The bolt of lightning hits the tengu warrior!!!
The tengu warrior is almost dead.
The tengu warrior shouts!
You hear a shout!
Casting: Lightning Bolt (mildly dangerous; 1% risk of failure)
Confirm with . or Enter, or press ? or * to list all spells.
Aiming: Lightning Bolt (mildly dangerous; 1% risk of failure)
Press: ? - help, Shift-Dir - straight line, f/p - tengu warrior
Aim: a tengu warrior, wielding a +0 longbow and quivering arrows (almost dead, 36% to hit)
You hear a mighty clap of thunder!
The bolt of lightning hits the tengu warrior!
You kill the tengu warrior!
Vehumet accepts your kill.
You feel your power returning.
Something unseen opens the door.
Your Shields skill increases to level 4!
A tengu warrior comes into view. It is wielding a +0 longbow.
Casting: Lightning Bolt (mildly dangerous; 1% risk of failure)
Confirm with . or Enter, or press ? or * to list all spells.
Aiming: Lightning Bolt (mildly dangerous; 1% risk of failure)
Press: ? - help, Shift-Dir - straight line, f - tengu warrior
Aim: a tengu warrior, wielding a +0 longbow and quivering arrows (36% to hit)
You hear a mighty clap of thunder!
The bolt of lightning hits the tengu warrior!!
The tengu warrior is moderately wounded.
A frost giant comes into view.
It is wielding a +2 battleaxe of freezing.
The tengu warrior shoots an arrow.
The arrow hits you! The frost giant casts a spell at you.
The bolt of cold hits you!! You resist.
The tengu warrior shoots an arrow.
You block the arrow.
Found a staircase to the Depths.
The tengu warrior shoots an arrow.
The arrow hits you!
There is an open door, spattered with blood here.
The tengu warrior shoots an arrow.
The arrow hits you!!
* * * LOW HITPOINT WARNING * * *
Okay, then.
You feel much better.
The tengu warrior shoots an arrow.
The arrow hits you!!
You die...

#####+.#######
#.# #.# #.##.##
#..# #.####.#
#...... #.##
#......# #..#.##
#.# #.######
#.....#
########## #.#
##.#..# ......≈≈#
#.# #.#... +#
#Q≈≈#.≈### #.# #
#.##
...#...Q..#.###.#
#.#...
>.'..≈##C'..@..#
#.....
#......#.#####
######
+###≈≈≈#.≈#.#
.)......≈≈#.#
###########.# #.#
### ###.#####
##### #.......#
#...# ##
#.#.###.#
###.#.###


You could see a frost giant and a tengu warrior.

Vanquished Creatures
  A minotaur (Gauntlet)
  Harold (Lair:1)
  An ice dragon (Lair:6)
  8 hydras
  2 boulder beetles
  Erica (Lair:2)
  6 two-headed ogres
  2 catoblepae
  3 centaur warriors
  3 tengu warriors (D:15)
  Urug (D:11)
  Sonja (Lair:1)
  5 skeletal warriors (D:15)
  A bog body (Lair:4)
  Pikel (D:5)
  2 deep elf pyromancers (D:15)
  A lindwurm (Lair:6)
  2 orc knights
  5 oklob plants (Lair:6)
  A manticore (D:14)
  2 cyclopes
  A guardian serpent (shapeshifter) (D:15)
  Maurice (D:8)
  A guardian serpent (D:12)
  22 elephants
  8 black mambas
  13 cane toads
  6 torpor snails
  2 rime drakes
  2 unseen horrors (D:12)
  2 gargoyles
  An efreet (D:14)
  Psyche (D:8)
  13 komodo dragons
  2 kobold demonologists
  A rime drake (shapeshifter) (D:14)
  A tengu conjurer (D:15)
  5 tyrant leeches
  2 polar bears
  9 hornets
  7 trolls
  9 slime creatures
  Grinder (D:6)
  16 blink frogs
  4 dream sheep (Lair:6)
  7 shadows (Gauntlet)
  3 water elementals (D:14)
  37 yaks
  2 wraiths (D:10)
  2 wyverns
  3 basilisks
  A vampire (D:12)
  4 vampire mosquitoes (D:12)
  2 steam dragons
  A redback simulacrum (D:14)
  Menkaure (D:6)
  4 swamp worms (Gauntlet)
  A warg (D:15)
  Duvessa (D:5)
  2 acid dragons
  15 water moccasins
  7 orc warriors
  2 black bears
  An ice beast (D:5)
  16 wolves
  2 necrophages
  5 centaurs
  A phantom (D:5)
  8 bullfrogs
  6 gnoll sergeants
  3 scorpions
  Dowan (D:5)
  7 killer bees (D:9)
  10 wights
  4 howler monkeys
  2 electric eels (Lair:6)
  3 centaur zombies
  A bullfrog zombie (D:7)
  Crazy Yiuf (D:4)
  4 gnoll shamans
  7 hounds
  A centaur skeleton (D:7)
  An orc priest (D:8)
  8 iguanas
  4 orc wizards
  6 hell rats (Lair:5)
  A killer bee zombie (D:8)
  2 howler monkey zombies (D:7)
  37 gnolls
  2 howler monkey skeletons
  9 adders
  2 shadow imps
  2 white imps (D:6)
  An ufetubus (D:6)
  An adder skeleton (D:4)
  A worm (D:6)
  4 dart slugs
  26 orcs
  9 endoplasms
  2 giant cockroaches
  15 goblins
  3 hobgoblins
  3 jackals (D:8)
  22 kobolds
  4 quokkas
  10 ball pythons
  2 bats (D:1)
  4 frilled lizards
  6 rats
  A bush (Lair:6)
546 creatures vanquished.

Vanquished Creatures (collateral kills)
  A cane toad (Lair:2)
  A bullfrog (Lair:2)
2 creatures vanquished.

Vanquished Creatures (others)
  A bush (Lair:6)
  51 fungi
  123 plants
175 creatures vanquished.

Grand Total: 723 creatures vanquished

Notes
Turn   | Place    | Note
-------+----------+-------------------------------------------
     0 | D:1      | FacelessVoid the Deep Elf Ice Elementalist began the quest
                  | for the Orb.
     0 | D:1      | Reached XP level 1. HP: 10/10 MP: 6/6
   258 | D:2      | Reached XP level 2. HP: 15/15 MP: 4/8
   370 | D:2      | Found Xeul's Distillery.
   393 | D:2      | Reached skill level 5 in Ice Magic
  1034 | D:3      | Found Pauwke's General Store.
  1118 | D:3      | Found Vuxues's Armour Shop.
  1165 | D:3      | Reached XP level 3. HP: 19/19 MP: 6/9
  1259 | D:3      | Learned a level 3 spell: Frozen Ramparts
  1263 | D:3      | Learned a level 3 spell: Ozocubu's Armour
  1270 | D:3      | Found a hide-covered altar of Uskayaw.
  1351 | D:3      | Found a stormy altar of Qazlal.
  1466 | D:3      | Reached XP level 4. HP: 24/24 MP: 6/12
  1702 | D:3      | Found Ebiewoca's Magic Scroll Emporium.
  1730 | D:3      | Bought a scroll of blinking for 90 gold pieces
  1730 | D:3      | Bought a scroll of teleportation for 36 gold pieces
  2049 | D:1      | Found a faded altar of an unknown god.
  2682 | D:4      | Found Ingo's Antique Weapon Shoppe.
  2894 | D:4      | Found a runed translucent door.
  2895 | D:4      | Noticed Crazy Yiuf
  2944 | D:4      | Noticed a scorpion
  2949 | D:4      | Killed a scorpion
  2950 | D:4      | Reached skill level 5 in Spellcasting
  2950 | D:4      | Reached XP level 5. HP: 28/28 MP: 8/14
  3317 | D:4      | Found a shimmering blue altar of Sif Muna.
  3537 | D:5      | Entered Level 5 of the Dungeon
  3537 | D:5      | Noticed Duvessa
  3537 | D:5      | Noticed Dowan
  3617 | D:5      | Reached XP level 6. HP: 14/32 MP: 11/17
  3870 | D:5      | Noticed an ice beast
  4018 | D:5      | Noticed a water moccasin
  4021 | D:5      | Killed a water moccasin
  4076 | D:5      | Learned a level 4 spell: Hailstorm
  4343 | D:4      | Reached XP level 7. HP: 34/36 MP: 13/19
  4595 | D:4      | Killed Crazy Yiuf
  4742 | D:5      | Killed Duvessa
  4743 | D:5      | Reached skill level 1 in Hexes
  4748 | D:5      | Killed Dowan
  4749 | D:5      | Reached skill level 1 in Bows
  4749 | D:5      | Reached skill level 1 in Translocations
  4749 | D:5      | Reached skill level 1 in Fire Magic
  4749 | D:5      | Reached skill level 1 in Poison Magic
  4870 | D:6      | Noticed Grinder
  4956 | D:6      | Reached skill level 1 in Conjurations
  5096 | D:6      | Noticed Menkaure
  5304 | D:7      | Identified the +6 scale mail of Ennui {Stlth+}
  5626 | D:8      | Reached XP level 8. HP: 36/41 MP: 13/20
  5699 | D:8      | Reached skill level 5 in Conjurations
  6619 | D:8      | Noticed Maurice
  7382 | D:8      | Noticed Gastronok
  7497 | D:9      | Found an ornate altar of the Wu Jian Council.
  7605 | D:9      | Learned a level 1 spell: Shock
  7609 | D:9      | Learned a level 3 spell: Swiftness
  7615 | D:9      | Learned a level 5 spell: Lightning Bolt
  7737 | D:9      | Noticed a troll
  7813 | D:9      | Killed a troll
  7814 | D:9      | Reached XP level 9. HP: 24/48 MP: 13/23
  8027 | D:9      | Noticed a two-headed ogre
  8318 | D:9      | Found a staircase to the Lair.
  8360 | D:9      | Reached skill level 5 in Fighting
  8414 | D:9      | Reached skill level 1 in Air Magic
  8453 | D:9      | Noticed an elephant
  8482 | D:9      | Found a sacrificial altar of Ru.
  9434 | D:6      | Found a staircase to the Ecumenical Temple.
  9443 | Temple   | Entered the Ecumenical Temple
  9867 | D:6      | Killed Grinder
  9949 | D:6      | Killed Menkaure
  9950 | D:6      | Reached skill level 5 in Air Magic
 10284 | D:5      | Noticed Pikel
 10291 | D:5      | Killed Pikel
 10292 | D:5      | Reached XP level 10. HP: 59/59 MP: 11/24
 10945 | D:8      | Learned a level 1 spell: Apportation
 11033 | D:8      | Noticed Psyche
 11043 | D:8      | Killed Psyche
 11727 | D:8      | Killed Maurice
 12028 | D:9      | Found a bloodstained altar of Trog.
 12029 | D:9      | Found a snail-covered altar of Cheibriados.
 12166 | D:9      | Killed an elephant
 12167 | D:9      | Reached skill level 10 in Air Magic
 12170 | D:9      | Killed a two-headed ogre
 12486 | D:9      | Reached XP level 11. HP: 63/63 MP: 15/25
 12669 | D:10     | Entered Level 10 of the Dungeon
 12710 | D:10     | Noticed a two-headed ogre
 13116 | D:10     | Found a staircase to the Orcish Mines.
 13191 | D:10     | Killed a two-headed ogre
 13192 | D:10     | Reached skill level 10 in Spellcasting
 13506 | D:10     | Found a radiant altar of Vehumet.
 13514 | D:10     | Became a worshipper of Vehumet
 13949 | D:10     | Found an opulent altar of Gozag.
 14061 | Lair:1   | Entered Level 1 of the Lair of Beasts
 14061 | Lair:1   | Noticed Harold
 14066 | Lair:1   | Killed Harold
 14609 | Lair:1   | Noticed Sonja
 14612 | Lair:1   | Killed Sonja
 14624 | Lair:1   | Reached skill level 10 in Ice Magic
 15337 | Lair:1   | Reached XP level 12. HP: 48/68 MP: 23/31
 16366 | Lair:2   | Identified 4 scrolls of acquirement
 16366 | Lair:2   | Acquired a staff of air
 16369 | Lair:2   | Acquired a ring of see invisible
 16371 | Lair:2   | Acquired a staff of cold
 16374 | Lair:2   | Acquired a book of Clouds
 16383 | Lair:2   | Learned a level 6 spell: Freezing Cloud
 16470 | Lair:2   | Found a hole to the Spider Nest.
 16471 | Lair:2   | Noticed Erica
 16477 | Lair:2   | Killed Erica
 16547 | Lair:2   | Reached * piety under Vehumet
 16547 | Lair:2   | Offered knowledge of Foxfire by Vehumet.
 16861 | Lair:2   | Noticed a seven-headed hydra
 16876 | Lair:2   | Killed a seven-headed hydra
 16998 | Lair:2   | Noticed an eight-headed hydra
 17005 | Lair:2   | Killed an eight-headed hydra
 18553 | Lair:3   | Reached skill level 15 in Spellcasting
 19028 | Lair:3   | Offered knowledge of Sandblast by Vehumet.
 19213 | Lair:3   | Found a runed translucent door.
 19445 | Lair:3   | Noticed a four-headed hydra
 19546 | Lair:3   | Killed a four-headed hydra
 19616 | Lair:3   | Identified the +0 chain mail "Sockad Gyoze" {Slay+2}
 19669 | Lair:4   | Noticed an eight-headed hydra
 19678 | Lair:4   | Killed an eight-headed hydra
 19691 | Lair:3   | Reached ** piety under Vehumet
 19971 | Lair:4   | Found a staircase to the Swamp.
 20042 | Lair:4   | Reached XP level 13. HP: 51/74 MP: 24/34
 20544 | Lair:4   | Offered knowledge of Inner Flame by Vehumet.
 21697 | Lair:5   | Found a viscous altar of Jiyva.
 21698 | Lair:5   | Found a staircase to the Slime Pits.
 22320 | Lair:6   | Entered Level 6 of the Lair of Beasts
 22453 | Lair:6   | Reached *** piety under Vehumet
 23066 | Lair:6   | Reached skill level 10 in Fighting
 23350 | Lair:6   | Offered knowledge of Sticky Flame by Vehumet.
 24052 | Lair:6   | Reached XP level 14. HP: 57/88 MP: 5/35
 24301 | Lair:6   | Identified the +8 dagger of Exumour {vorpal, rF++}
 24683 | Lair:6   | Found a runed translucent door.
 24802 | Lair:6   | Reached **** piety under Vehumet
 24836 | Lair:6   | Offered knowledge of Stone Arrow by Vehumet.
 27442 | D:11     | Noticed Urug
 27444 | D:11     | Killed Urug
 29428 | D:13     | Reached ***** piety under Vehumet
 29521 | D:13     | Found a gate leading to a gauntlet.
 29531 | Gauntlet | Entered a Gauntlet
 29531 | Gauntlet | Found a transporter.
 29531 | Gauntlet | Found a runed translucent door.
 29531 | Gauntlet | Found a transporter.
 29532 | Gauntlet | Found a runed translucent door.
 29549 | Gauntlet | Found a transporter.
 29553 | Gauntlet | Found a transporter.
 29553 | Gauntlet | Found a transporter.
 29575 | Gauntlet | Offered knowledge of Fireball by Vehumet.
 29604 | Gauntlet | Found a transporter.
 29614 | Gauntlet | Found a runed translucent gate.
 29614 | Gauntlet | Found a runed translucent gate.
 29614 | Gauntlet | Found a runed translucent gate.
 29617 | Gauntlet | Found a transporter.
 29621 | Gauntlet | Found a transporter.
 29621 | Gauntlet | Found a transporter.
 29622 | Gauntlet | Found a transporter.
 29788 | Gauntlet | Found a transporter.
 29788 | Gauntlet | Found a transporter.
 30036 | Gauntlet | Identified the amulet "Puas Lupn" {Faith Harm rF++ Str-2
                  | Int+2}
 30285 | D:13     | Acquired 1129 gold pieces
 30560 | D:13     | Found a gate to the Vaults.
 31025 | D:14     | Found a broken altar of Ashenzari.
 31323 | D:14     | Found a flagged portal.
 31341 | Bailey   | Entered a bailey
 31775 | D:14     | Identified the +5 short sword "Vapiso" {antimagic, Contam
                  | rElec Int+4}
 32449 | D:15     | Entered Level 15 of the Dungeon
 32478 | D:15     | Reached XP level 15. HP: 92/92 MP: 4/36
 32669 | D:15     | Found Fillomy's Magic Scroll Boutique.
 32672 | D:15     | Bought 3 scrolls of teleportation for 144 gold pieces
 32672 | D:15     | Bought a scroll of teleportation for 48 gold pieces
 32672 | D:15     | Bought 2 scrolls of teleportation for 96 gold pieces
 32798 | D:15     | Reached skill level 15 in Air Magic
 33050 | D:15     | Reached skill level 1 in Shields
 33696 | D:15     | Noticed a frost giant
 33697 | D:15     | Found a staircase to the Depths.
 33701 | D:15     | HP: 1/92 [tengu warrior/arrow (29)]
 33703 | D:15     | Shot with an arrow by a tengu warrior

Illustrated notes

Levels and vault maps discovered:
D:1:      nicolae_arrival_washed_ashore, layout_basic,
          hellmonk_ecumenical_altar_pennies_from_heaven
D:2:      layout_loops_ring, serial_shops,
          nicolae_shop_temple_entry_statues_fountains
D:3:      layout_loops_ring, grunt_qazlal_sundering, lemuel_round_altar,
          serial_shops, shop, nicolae_shop_waterfront, shop,
          minmay_fractal_squares_5
D:4:      layout_loops_ring, nicolae_sif_muna_condensation, serial_shops, shop,
          uniq_crazy_yiuf_cottage
D:5:      layout_loops_ring, uniq_pikel, uniq_duvessa
D:6:      layout_rooms, temple_hall, portal_sewer_entry_b, uniq_menkaure,
          uniq_grinder
D:7:      layout_gridville, serial_glass, glass_columns_a, glass_columns_a
D:8:      layout_cave_pools, serial_gnoll_camp, gnoll_camp_huts_basic,
          gnoll_camp_mini_house, gnoll_camp_mini_house,
          gnoll_camp_mini_loothouse, gnoll_camp_medium_02, uniq_psyche,
          uniq_maurice, uniq_gastronok
D:9:      layout_loops_ring, nicolae_wu_jian_wuxing_cycle,
          nicolae_overflow_hidden_temple, nicolae_ru_path_of_blood,
          david_lair_generic, minmay_fractal_squares_gapless_5
D:10:     layout_loops_ring, nicolae_overflow_crystal_walls, marbit_many_paths,
          orc_david_3
D:11:     layout_cave_pools, uniq_urug
D:12:     hangedman_screamer, layout_long_grid, nrook_guardian_serpent_double
D:13:     layout_gridville, erik_vaults_1, gauntlet_entry_generic
D:14:     layout_loops_ring, enter_bailey_3, ashenzari_altar_1,
          nicolae_underground_beach
D:15:     grunt_enter_depths_snipers, layout_loops_corners, serial_shops,
          nicolae_shop_behind_doors, minmay_statues_item, minivault_19
Temple:   minmay_temple_bridge_abc
Lair:1:   layout_layer_cave, minmay_lair_oklob_chamber,
          infiniplex_staircase_pool_2, grunt_megastairs_5, serial_bayou_shore_b,
          uniq_harold, uniq_sonja
Lair:2:   beast_lair_carwin_large_1, layout_cave_pods,
          spider_nest_entry_web_field, uniq_erica
Lair:3:   layout_chaotic_city, pf_torpor_hydra
Lair:4:   layout_gridlike, skrybe_swamp_entry_bodies, beast_lair_carwin_11,
          grunt_megastairs_4
Lair:5:   layout_cave_pods, slime_altar_1
Lair:6:   wormcave, layout_misc_corridors, serial_bayou, serial_bayou_pond_c,
          serial_bayou_lake_a, serial_bayou_shore_b, dpeg_oklob_1

Skill      XL: |  1  2  3  4  5  6  7  8  9 10 11 12 13 14 15 |
---------------+----------------------------------------------+-----
Ice Magic      | 5 6 7 8 10 11 12 13 | 13.6
Spellcasting   | 4 5 6 8 13 15 | 15.8
Hexes          | 1 |  1.1
Bows           | 1 |  1.0
Translocations | 1 |  1.1
Fire Magic     | 1 |  1.0
Poison Magic   | 1 |  1.0
Conjurations   | 4 6 |  6.1
Fighting       | 2 5 10 | 10.0
Air Magic      | 6 10 11 12 14 15 | 15.0
Shields        | 4 |  4.0
Long Blades    | |  0.4
Axes           | |  0.3
Maces & Flails | |  0.3
Polearms       | |  0.4
Staves         | |  0.5
Crossbows      | |  0.4
Throwing       | |  0.4
Dodging        | |  2.4
Stealth        | |  2.4
Summonings     | |  0.6
Necromancy     | |  0.7
Transmutations | |  0.6
Earth Magic    | |  0.6
Invocations    | |  0.6
Evocations     | |  0.6

Action                   |  1- 3 |  4- 6 |  7- 9 | 10-12 | 13-15 || total
-------------------------+-------+-------+-------+-------+-------++-------
Melee: Dagger            |       |    35 |    29 |       |       ||    64
       Spear             |       |       |    36 |     1 |       ||    37
       Halberd           |       |       |       |    18 |       ||    18
       Staff             |       |       |       |     5 |    13 ||    18
Throw: Stone             |     6 |     6 |    11 |       |       ||    23
 Cast: Freeze            |    30 |    48 |    91 |   120 |    67 ||   356
       Frozen Ramparts   |     3 |    10 |    30 |    39 |    16 ||    98
       Hailstorm         |       |       |    11 |    24 |    11 ||    46
       Ozocubu's Armour  |       |       |     4 |     9 |     3 ||    16
       Shock             |       |       |    90 |   244 |    78 ||   412
       Lightning Bolt    |       |       |       |    77 |   326 ||   403
       Freezing Cloud    |       |       |       |       |    51 ||    51
       Swiftness         |       |       |       |       |     1 ||     1
Evoke: Wand              |       |       |     4 |       |       ||     4
  Use: Scroll            |       |     1 |       |    20 |     9 ||    30
       Potion            |       |       |       |       |     5 ||     5
 Stab: Sleeping          |       |     4 |       |     1 |       ||     5
Armor: Robe              |     2 |    19 |    75 |    68 |    70 ||   234
Dodge: Dodged            |    15 |    46 |   108 |    77 |   117 ||   363
Block: Buckler           |       |       |       |       |     2 ||     2

Table legend: (Time is in decaauts)
 A = Elapsed time spent in this place.
 B = Non-inter-level travel time spent in this place.
 C = Inter-level travel time spent in this place.
 D = Time resting spent in this place.
 E = Time spent auto-exploring this place.
 F = Levels seen in this place.
 G = Mean time per level.
                   A        B        C        D        E       F      G
               +--------+--------+--------+--------+--------+-----+--------+
         Total |  33771 |  31877 |   1894 |  11713 |  14905 |  24 | 1407.1 |
       Dungeon |  19828 |  18471 |   1357 |   5512 |   9515 |  15 | 1321.9 |
        Temple |    204 |    204 |      0 |      0 |    171 |   1 |  204.0 |
          Lair |  12582 |  12045 |    537 |   5602 |   5066 |   6 | 2097.0 |
        Bailey |    405 |    405 |      0 |    113 |     88 |   1 |  405.0 |
      Gauntlet |    750 |    750 |      0 |    486 |     65 |   1 |  750.0 |
               +--------+--------+--------+--------+--------+-----+--------+

Top non-repeatable levels by time:
  Lair:6: 3841 daAuts
     D:8: 2358 daAuts
     D:9: 2344 daAuts
  Lair:5: 2003 daAuts
  Lair:1: 1902 daAuts
     D:7: 1646 daAuts
  Lair:2: 1644 daAuts
  Lair:3: 1640 daAuts
  Lair:4: 1550 daAuts
     D:4: 1437 daAuts
    D:10: 1412 daAuts
    D:12: 1295 daAuts
     D:5: 1275 daAuts
    D:15: 1253 daAuts
    D:14: 1237 daAuts
